 Dungeon Crawl Stone Soup version 0.28-a0-1117-g0bdd5ba030 (webtiles) character file.

Game seed: 4269768077890210529

5299 emperorscorpion the Thaumaturge (level 10, -6/56 HPs)
             Began as a Kobold Ice Elementalist on Dec 11, 2021.
             Was a Believer of Qazlal.
             Mangled by a tengu warrior (29 damage)
             ... led by a tengu conjurer
             ... on level 10 of the Dungeon.
             The game lasted 00:32:04 (12861 turns).

emperorscorpion the Thaumaturge (KoIE)             Turns: 12861, Time: 00:32:04

Health: -6/56      AC: 10    Str:  6    XL:     10   Next: 95%
Magic:  1/23       EV: 19    Int: 26    God:    Qazlal [**....]
Gold:   200        SH:  7    Dex: 16    Spells: 14/28 levels left

rFire   . . .      SeeInvis .   a - +1 dagger (venom)
rCold   . . .      Faith    .   (shield restricted)
rNeg    . . .      Spirit   .   z - +3 leather armour {rPois}
rPois   +          Reflect  +   (no helmet)
rElec   .          Harm     .   j - +0 cloak
rCorr   .          Rampage  .   k - +2 pair of gloves
Will    .....                   (no boots)
Stlth   +++.......              c - amulet of reflection
HPRegen 0.18/turn               A - +4 ring of evasion
MPRegen 0.18/turn               l - +6 ring of intelligence

@: about to teleport, freezing walls, studying Unarmed Combat
A: small, no large weapons, nightstalker 3
a: Renounce Religion, Upheaval


You were on level 10 of the Dungeon.
You worshipped Qazlal.
Qazlal was pleased with you.
You visited 2 branches of the dungeon, and saw 11 of its levels.

You collected 438 gold pieces.
You spent 238 gold pieces at shops.

Inventory:

Hand Weapons
 a - a +1 dagger of venom (weapon)
 b - a +0 dagger
 p - a +2 whip of electrocution
 v - the +6 hunting sling of the Thieving Shark {vorpal, rC- Will+ Str+2}
   (You found it on level 5 of the Dungeon)

   Any ammunition fired from it inflicts extra damage upon your enemies.
   Str:       It affects your strength (+2).
   rC:        It makes you vulnerable to cold.
   Will:      It increases your willpower.
 x - a +2 dagger of freezing
 D - a +4 short sword
 F - a +5 short sword
 M - the +3 war axe of the Boar {vorpal, rC+ Will++ Str-4}
   (You bought it in a shop on level 10 of the Dungeon)

   It inflicts extra damage upon your enemies.
   Str:       It affects your strength (-4).
   rC:        It protects you from cold.
   Will:      It greatly increases your willpower.
Missiles
 u - 6 boomerangs
 B - 3 poisoned darts
 K - 5 datura-tipped darts
Armour
 d - a +0 ring mail
 g - a +0 robe
 j - a +0 cloak (worn)
 k - a +2 pair of gloves (worn)
 q - the +1 leather armour of the Sky {Harm rF+}
   (You took it off a goblin on level 4 of the Dungeon)

   rF:        It protects you from fire.
   Harm:      It increases damage dealt and taken.
 s - a +0 kite shield
 t - a +0 ring mail of positive energy
 z - a +3 leather armour of poison resistance (worn)
Jewellery
 c - an amulet of reflection (around neck)
 h - an amulet of the acrobat
 i - a ring of protection from fire
 l - a +6 ring of intelligence (right hand)
 r - an amulet of faith
 A - a +4 ring of evasion (left hand)
 I - a +4 ring of protection
 L - a ring of resist corrosion
Wands
 n - a wand of flame (1) (quivered)
 E - a wand of acid (2)
 H - a wand of iceblast (6)
Scrolls
 e - 6 scrolls of identify
 f - a scroll of torment
 m - 2 scrolls of teleportation
 w - a scroll of fog
 y - a scroll of blinking
 G - a scroll of amnesia
Potions
 o - a potion of curing
 C - 3 potions of flight
 J - a potion of might


   Skills:
 + Level 3.1 Fighting
 + Level 4.6 Short Blades
 + Level 2.0 Armour
 + Level 4.9 Dodging
 - Level 2.8 Stealth
 + Level 1.0 Shields
 * Level 9.7 Spellcasting
 * Level 5.2 Conjurations
 * Level 9.1 Ice Magic
 - Level 1.9 Earth Magic
 + Level 1.4 Evocations


You had 14 spell levels left.
You knew the following spells:

 Your Spells              Type           Power      Damage    Failure   Level
a - Freeze                Ice            100%       1d11      1%          1
b - Frozen Ramparts       Ice            100%       1d12      1%          3
c - Ozocubu's Armour      Ice            56%        N/A       1%          3
d - Stone Arrow           Conj/Erth      62%        3d10      4%          3
e - Hailstorm             Conj/Ice       50%        3d11      3%          4

Your spell library contained the following spells:

 Spells                   Type           Power      Damage    Failure   Level
 Animate Skeleton         Necr           24%        N/A       7%          1
 Apportation              Tloc           24%        N/A       7%          1
 Beastly Appendage        Tmut           24%        N/A       7%          1
 Summon Small Mammal      Summ           48%        N/A       7%          1
 Passwall                 Tmut/Erth      14%        N/A       8%          2
 Wereblood                Tmut           12%        N/A       11%         2
 Call Canine Familiar     Summ           12%        N/A       22%         3
 Portal Projectile        Hex/Tloc       24%        N/A       22%         3
 Spider Form              Tmut/Pois      12%        N/A       22%         3
 Swiftness                Air            12%        N/A       22%         3
 Animate Armour           Summ/Erth      34%        N/A       43%         4
 Leda's Liquefaction      Hex/Erth       8%         N/A       43%         4
 Passage of Golubria      Tloc           12%        N/A       56%         4
 Borgnjor's Vile Clutch   Necr/Erth      8%         N/A       80%         5
 Alistair's Intoxication  Tmut/Pois      8%         N/A       89%         5
 Silence                  Hex/Air        6%         N/A       89%         5
 Eringya's Noxious Bog    Tmut/Pois      6%         N/A       100%        6
 Lehudib's Crystal Spear  Conj/Erth      15%        10d5      100%        8


Dungeon Overview and Level Annotations

Branches:
Dungeon (10/15)            Temple (1/1) D:7
   Lair: D:8-11         Orc: D:9-12

Altars:
Ashenzari
Cheibriados
Dithmenos
Elyvilon
Fedhas
Gozag
Hepliaklqana
Kikubaaqudgha
Makhleb
Nemelex Xobeh
Okawaru
Qazlal
Ru
Sif Muna
Trog
Uskayaw
Vehumet
Wu Jian
Xom
Yredelemnul
Zin
The Shining One

Shops:
D:1 (   D:10 (

Annotations:
D:6 3 runed translucent doors


Innate Abilities, Weirdness & Mutations

You are small and have problems with some larger weapons.
You are completely attuned to the shadows.


Message History

The stone arrow misses the tengu warrior.
The tengu warrior hits you with a +4 great mace of protection.
The tengu warrior pecks you.
The tengu warrior claws you but does no damage.
The wall freezes the tengu conjurer.
Casting: Stone Arrow (dangerous; 4% risk of failure)
Confirm with . or Enter, or press ? or * to list all spells.
Aiming: Stone Arrow (dangerous; 4% risk of failure)
Press: ? - help, Shift-Dir - straight line, f/p - tengu warrior
Aim: a tengu warrior, wielding a +4 great mace of protection and wearing a +0 ring mail (severely wounded, 54% to hit)
The stone arrow misses the tengu warrior.
The wall freezes the tengu conjurer!
The tengu conjurer mumbles some strange words.
The tengu conjurer conjures a globe of magical energy!
The tengu warrior hits you with a +4 great mace of protection!!
You block the tengu warrior's attack. The tengu warrior claws you.
A battlesphere comes into view.
Unknown command.
Casting: Stone Arrow (dangerous; 4% risk of failure)
Confirm with . or Enter, or press ? or * to list all spells.
Aiming: Stone Arrow (dangerous; 4% risk of failure)
Press: ? - help, Shift-Dir - straight line, f/p - tengu warrior
Aim: a tengu warrior, wielding a +4 great mace of protection and wearing a +0 ring mail (severely wounded, 54% to hit)
The stone arrow misses the tengu warrior.
The battlesphere completely resists.
The wall freezes the battlesphere but does no damage.
The wall freezes the tengu conjurer.
The wall freezes the battlesphere but does no damage.
You block the tengu warrior's attack.
The tengu warrior pecks you but does no damage.
You block the tengu warrior's attack.
As you read the scroll of teleportation, it crumbles to dust.
You feel strangely unstable.
The battlesphere completely resists.
The wall freezes the battlesphere but does no damage.
The wall freezes the tengu conjurer!
The tengu conjurer casts a spell.
The tengu conjurer blinks!
The tengu warrior hits you with a +4 great mace of protection!!
Ouch! That really hurt!
You die...

.............##...#.....∩.#
###############...#....⌠.⌠#
##...#.......#
#....#...###.# Q.#....#...#
#.# ###.#....'...# #.#
....#....#...###.#
....######.......#
.....*§@°........#
.......Q...#####.#
.................#
.............)...#
...Q.............#
############


You could see a tengu warrior, a tengu conjurer and a battlesphere.

Vanquished Creatures
  Maggie (D:6)
  2 trolls (D:10)
  A human (D:8)
  2 wraiths
  Eustachio (D:6)
  A steam dragon (D:9)
  6 yaks (D:9)
  Duvessa (D:4)
  3 water moccasins
  A hornet zombie (D:8)
  4 orc warriors
  3 centaurs
  3 bullfrogs
  A gnoll sergeant (D:9)
  Dowan (D:4)
  4 killer bees (D:8)
  8 wights
  3 howler monkeys
  A bullfrog zombie (D:5)
  3 centaur zombies
  A crimson imp (D:6)
  A jelly (D:5)
  A human zombie (D:8)
  A bullfrog skeleton (D:7)
  An orc priest (D:5)
  A gnoll shaman (D:9)
  2 hounds
  A human skeleton (D:8)
  Natasha (thrice) (D:4)
  An iguana (D:5)
  7 orc wizards
  A killer bee zombie (D:9)
  2 howler monkey zombies
  11 gnolls
  A howler monkey skeleton (D:7)
  3 adders
  A shadow imp (D:7)
  A white imp (D:6)
  An ufetubus (D:7)
  An adder skeleton (D:4)
  2 worms (D:3)
  43 orcs
  5 bats
  2 endoplasms (D:1)
  A giant cockroach (D:3)
  11 goblins
  5 hobgoblins
  6 jackals
  4 quokkas
  5 ball pythons
  4 frilled lizards
  A goblin skeleton (D:8)
  7 kobolds
  5 rats
193 creatures vanquished.

Notes
Turn   | Place    | Note
-------+----------+-------------------------------------------
     0 | D:1      | emperorscorpion the Kobold Ice Elementalist began the quest
                  | for the Orb.
     0 | D:1      | Reached XP level 1. HP: 10/10 MP: 3/3
   113 | D:1      | Reached XP level 2. HP: 15/15 MP: 5/5
   434 | D:1      | Found Ritidyda's Antique Weapon Shoppe.
   627 | D:1      | Reached XP level 3. HP: 19/19 MP: 6/6
   973 | D:2      | Found a faded altar of an unknown god.
  1175 | D:2      | Found a broken altar of Ashenzari.
  1814 | D:3      | Learned a level 3 spell: Frozen Ramparts
  1818 | D:3      | Learned a level 3 spell: Ozocubu's Armour
  1916 | D:3      | Reached XP level 4. HP: 24/24 MP: 7/7
  2509 | D:3      | Reached skill level 1 in Short Blades
  2903 | D:4      | Reached skill level 5 in Ice Magic
  2965 | D:4      | Reached XP level 5. HP: 28/28 MP: 3/9
  2967 | D:4      | Reached skill level 1 in Evocations
  3113 | D:4      | Identified the +1 leather armour of the Sky {Harm rF+}
  3250 | D:4      | Noticed a phantom
  3275 | D:4      | Noticed Dowan
  3326 | D:3      | Learned a level 3 spell: Stone Arrow
  3677 | D:4      | Found a white marble altar of Elyvilon.
  3689 | D:4      | Noticed Natasha
  3692 | D:4      | Killed Natasha
  3904 | D:4      | Noticed Natasha
  3909 | D:4      | Killed Natasha
  3910 | D:4      | Reached skill level 1 in Fighting
  3910 | D:4      | Reached XP level 6. HP: 34/34 MP: 7/11
  3974 | D:4      | Noticed Duvessa
  3982 | D:4      | Killed Duvessa
  3987 | D:4      | Killed Dowan
  4028 | D:4      | Noticed Natasha
  4032 | D:4      | Killed Natasha
  4033 | D:4      | Reached XP level 7. HP: 38/38 MP: 5/13
  4225 | D:5      | Entered Level 5 of the Dungeon
  4440 | D:5      | Learned a level 4 spell: Hailstorm
  4568 | D:5      | Identified the +6 hunting sling of the Thieving Shark
                  | {vorpal, rC- Will+ Str+2}
  4952 | D:5      | Found a sacrificial altar of Ru.
  5151 | D:5      | Found an iron altar of Okawaru.
  5630 | D:6      | Reached skill level 1 in Conjurations
  5675 | D:6      | Found an ornate altar of the Wu Jian Council.
  5735 | D:6      | Reached skill level 5 in Spellcasting
  5797 | D:6      | Found a runed translucent gate.
  5797 | D:6      | Found a runed translucent gate.
  5798 | D:6      | Found a runed translucent gate.
  5853 | D:6      | Found a radiant altar of Vehumet.
  5936 | D:6      | Noticed Eustachio
  5958 | D:6      | Killed Eustachio
  5959 | D:6      | Reached XP level 8. HP: 40/43 MP: 7/15
  6275 | D:6      | Found a burning altar of Makhleb.
  6276 | D:6      | Found a shimmering altar of Xom.
  6571 | D:6      | Noticed Maggie
  6582 | D:6      | Killed Maggie
  6975 | D:7      | Reached XP level 9. HP: 5/49 MP: 7/18
  7706 | D:7      | Found a glowing silver altar of Zin.
  7761 | D:7      | Found a staircase to the Ecumenical Temple.
  7767 | Temple   | Entered the Ecumenical Temple
  7835 | Temple   | Became a worshipper of Qazlal Stormbringer
  8026 | D:7      | Reached skill level 1 in Armour
  8173 | D:7      | Found a snail-covered altar of Cheibriados.
  8513 | D:8      | Reached skill level 1 in Shields
  9208 | D:8      | Reached * piety under Qazlal
  9269 | D:8      | Found a shimmering blue altar of Sif Muna.
  9456 | D:8      | Found a runed translucent door.
  9464 | D:8      | Found a basalt altar of Yredelemnul.
  9472 | D:8      | Reached skill level 1 in Earth Magic
 10378 | D:9      | Reached XP level 10. HP: 56/56 MP: 11/21
 11262 | D:9      | Reached ** piety under Qazlal
 12217 | D:10     | Entered Level 10 of the Dungeon
 12352 | D:10     | Reached skill level 5 in Conjurations
 12803 | D:10     | Found Hal Uta's Antique Weapon Boutique.
 12808 | D:10     | Bought a fine war axe for 238 gold pieces
 12808 | D:10     | Identified the +3 war axe of the Boar {vorpal, rC+ Will++
                  | Str-4} (You bought it in a shop on level 10 of the Dungeon)
 12850 | D:10     | Noticed a tengu warrior
 12861 | D:10     | Mangled by a tengu warrior

Illustrated notes

Levels and vault maps discovered:
D:1:      lemuel_arrival_behind_the_door_small, layout_loops_ring, serial_shops,
          shop
D:2:      layout_basic, basic_altar, basic_ecumenical_altar,
          kennysheep_crisscross
D:3:      layout_basic
D:4:      layout_basic, elyvilon_altar_1, uniq_duvessa, uniq_natasha
D:5:      layout_basic, nicolae_ru_sacrificial_ziggurat,
          kennysheep_okawaru_gauntlet
D:6:      minmay_angry_zag, layout_basic, mainiacjoe_overflow_24_doors,
          mainiacjoe_overflow_cross_hatched,
          grunt_temple_overflow_champion_of_chaos, gammafunk_ghost_necromancy,
          dk_noncrumbling_4, uniq_eustachio, uniq_maggie
D:7:      layout_basic, zin_scriptorium, kennysheep_little_box,
          minmay_temple_entry_gardened_gates
D:8:      layout_loops_corners, led_sif_book, dk_yredelemnul_ordeal
D:9:      layout_stronghold
D:10:     layout_stronghold, evilmike_ruin_ashenzari, serial_shops,
          shop_fountains, st_stairs_10, moated_statue, hangedman_glass_teeth
Temple:   compressed_dpeg_circular_temple

Skill      XL: |  1  2  3  4  5  6  7  8  9 10 |
---------------+-------------------------------+-----
Short Blades   | 1 2 3 4 |  4.6
Ice Magic      | 5 6 7 8 9 |  9.1
Spellcasting   | 3 4 5 6 7 9 |  9.7
Evocations     | 1 |  1.4
Dodging        | 3 4 |  4.9
Fighting       | 1 2 3 |  3.1
Conjurations   | 1 2 3 5 |  5.2
Armour         | 1 2 |  2.0
Shields        | 1 |  1.0
Earth Magic    | 1 |  1.9
Stealth        | |  2.8

Action                   |  1- 3 |  4- 6 |  7- 9 | 10-12 || total
-------------------------+-------+-------+-------+-------++-------
Melee: Dagger            |    28 |    42 |   160 |    13 ||   243
 Cast: Freeze            |    17 |    29 |    28 |     7 ||    81
       Frozen Ramparts   |       |     5 |    22 |     5 ||    32
       Ozocubu's Armour  |       |     3 |     8 |     1 ||    12
       Stone Arrow       |       |       |    42 |    22 ||    64
       Hailstorm         |       |       |     4 |    36 ||    40
Evoke: Wand              |       |    11 |     2 |       ||    13
  Use: Scroll            |     2 |     1 |    13 |     1 ||    17
       Potion            |       |     3 |     4 |       ||     7
 Stab: Sleeping          |    24 |     9 |     8 |       ||    41
       Distracted        |       |     1 |     1 |       ||     2
       Invisible         |       |       |     4 |       ||     4
Armor: Robe              |     1 |    10 |    10 |       ||    21
       Leather armour    |       |       |    46 |     8 ||    54
Dodge: Dodged            |    10 |    24 |   131 |    16 ||   181
Block: Other             |     1 |    15 |    44 |     9 ||    69
       Reflection        |       |     1 |       |       ||     1

Table legend: (Time is in decaauts)
 A = Elapsed time spent in this place.
 B = Non-inter-level travel time spent in this place.
 C = Inter-level travel time spent in this place.
 D = Time resting spent in this place.
 E = Time spent auto-exploring this place.
 F = Levels seen in this place.
 G = Mean time per level.
                   A        B        C        D        E       F      G
               +--------+--------+--------+--------+--------+-----+--------+
         Total |  12829 |  12397 |    432 |      0 |  11096 |  11 | 1166.3 |
       Dungeon |  12713 |  12317 |    396 |      0 |  11033 |  10 | 1271.3 |
        Temple |    115 |     79 |     36 |      0 |     63 |   1 |  115.0 |
               +--------+--------+--------+--------+--------+-----+--------+

Top non-repeatable levels by time:
     D:9: 1853 daAuts
     D:8: 1847 daAuts
     D:6: 1636 daAuts
     D:5: 1389 daAuts
     D:4: 1223 daAuts
     D:3: 1195 daAuts
     D:7: 1121 daAuts
     D:2: 977 daAuts
     D:1: 826 daAuts
    D:10: 643 daAuts
  Temple: 115 daAuts
